 Dungeon Crawl Stone Soup version 0.30-a0-737-gf23d94013f (webtiles) character file.

Game seed: 11074603658589652273

51 Leeroy the Slasher (level 3, 0/18 HPs)
             Began as a Vine Stalker Warper on Feb 2, 2023.
             Slain by a gnoll
             ... wielding a +0 flail
              (4 damage)
             ... on level 2 of the Dungeon.
             The game lasted 00:01:16 (960 turns).

Leeroy the Slasher (Vine Stalker Warper)             Turns: 960, Time: 00:01:16

Health: 0/18       AC:  5    Str: 13    XL:     3   Next: 83%
Magic:  0/7        EV: 11    Int: 13    God:
Gold:   52         SH:  0    Dex: 15    Spells: 6/6 levels left

rFire   + . .      SeeInvis .    a - +0 falchion
rCold   . . .      Faith    .    (no shield)
rNeg    . . .      Spirit   +    b - +0 leather armour
rPois   .          Reflect  .    (no helmet)
rElec   .          Harm     .    f - +1 cloak {Stlth+}
rCorr   .          Rampage  .    (no gloves)
Will    .....                    (no boots)
Stlth   ++                       (no amulet)
HPRegen 0.23/turn                l - ring of protection from fire
MPRegen 0.10/turn                (no ring)

@: no status effects
A: fangs 2, magic shield, antimagic bite, no potion heal 2
a: no special abilities


You were on level 2 of the Dungeon.
You visited 1 branch of the dungeon, and saw 2 of its levels.

You collected 52 gold pieces.

Inventory:

Hand Weapons
 a - a +0 falchion (weapon)
 g - a +0 dagger
Missiles
 d - 7 boomerangs of dispersal (quivered)
Armour
 b - a +0 leather armour (worn)
 f - a +1 cloak of stealth (worn)
Jewellery
 l - a ring of protection from fire (left hand)
Scrolls
 c - 2 scrolls of blinking
 e - a scroll of immolation {unknown}
 i - a scroll of identify {unknown}
 m - a scroll of poison {unknown}
 n - a scroll of enchant armour {unknown}
Potions
 h - a potion of curing {unknown}
 j - a potion of heal wounds {unknown}
 k - a potion of mutation {unknown}
 o - a potion of flight {unknown}


   Skills:
 - Level 1.7 Fighting
 + Level 3.6 Long Blades
 - Level 0.8 Throwing
 - Level 0.7 Armour
 - Level 1.5 Dodging
 - Level 2.1 Spellcasting
 - Level 3.0 Translocations


You had 6 spell levels left.
You didn't know any spells.
Your spell library contained the following spells:

 Spells                   Type           Power      Damage    Failure   Level
 Blink                    Tloc           18%        N/A       14%         2
 Lesser Beckoning         Tloc           18%        N/A       14%         2
 Teleport Other           Tloc           9%         N/A       28%         3
 Vhi's Electric Charge    Tloc/Air       10%        N/A       45%         3
 Manifold Assault         Tloc           9%         N/A       67%         4


Dungeon Overview and Level Annotations

Branches:
Dungeon (2/15)

Altars:

Shops:
D:2 (


Innate Abilities, Weirdness & Mutations

You have extremely sharp teeth.
When hurt, damage is shared between your health and your magic reserves.
Your bite disrupts and absorbs the magic of your enemies.
Potions cannot restore your health.


Message History

You hit the goblin. Your bite misses the goblin.
The goblin is almost dead.
The goblin hits you but does no damage. x2
You slash the goblin!
You kill the goblin!
No target in view!
No target in view!
No target in view!
No target in view! 3 gnolls come into view.
The gnoll shouts!
A gnoll comes into view. It is wielding a +0 spear.
The gnoll shouts!
There is an entrance to Qihuez's Weapon Boutique here.
You closely miss the gnoll. Your bite misses the gnoll.
The gnoll completely misses you.
You hit the gnoll but do no damage. You bite the gnoll. You drain its power.
The gnoll is moderately wounded.
The gnoll hits you with a +0 whip.
You barely miss the gnoll.
The gnoll is moderately wounded.
The gnoll hits you with a +0 whip.
You closely miss the gnoll. You bite the gnoll. You drain its power.
You feel invigorated.
The gnoll is severely wounded.
The gnoll hits you with a +0 whip.
You hit the gnoll but do no damage. You bite the gnoll. You drain its power.
You feel invigorated.
The gnoll is almost dead.
The gnoll hits you with a +0 whip.
The gnoll shouts!
You hit the gnoll.
You kill the gnoll!
You closely miss the gnoll. You bite the gnoll, but do no damage.
The gnoll barely misses you. The gnoll hits you with a +0 flail!
* * * LOW HITPOINT WARNING * * *
You hit the gnoll. Your punch misses the gnoll.
The gnoll is moderately wounded.
The gnoll hits you with a +0 flail.
You die...

.. #............
...#...∩........
....?†..........
#.###.....#....
##.g.## ###
####.....#
#....>..g#
#.#.#.##g#
.....#. #@#####
##.#.#. #.....#
... #. #.....###
#. .. #.....+.#
## #.....#.##
#........#
#.....(..#
###†.....#
#......#


You could see 3 gnolls.

Vanquished Creatures
  A gnoll (D:2)
  A dart slug (D:1)
  4 endoplasms (D:1)
  2 giant cockroaches (D:1)
  5 goblins
  5 hobgoblins (D:1)
  2 quokkas (D:1)
  2 ball pythons
  8 bats
  2 frilled lizards (D:1)
  3 kobolds (D:1)
35 creatures vanquished.

Vanquished Creatures (others)
  5 toadstools (D:1)
5 creatures vanquished.

Grand Total: 40 creatures vanquished

Notes
Turn   | Place    | Note
-------+----------+-------------------------------------------
     0 | D:1      | Leeroy the Vine Stalker Warper began the quest for the Orb.
     0 | D:1      | Reached XP level 1. HP: 11/11 MP: 4/4
   139 | D:1      | Reached XP level 2. HP: 8/15 MP: 3/6
   380 | D:1      | Reached XP level 3. HP: 14/18 MP: 4/7
   931 | D:2      | Found Qihuez's Weapon Boutique.
   960 | D:2      | Slain by a gnoll

Illustrated notes

Levels and vault maps discovered:
D:1:      ldierk_walled_garden, layout_loops_ring, chequers_decorated_corner
D:2:      layout_basic, serial_shops, nicolae_shop_bloodbath_and_beyond,
          guppyfry_early_orc_mine

Skill      XL: |  1  2 |
---------------+-------+-----
Long Blades    | 2 3 |  3.6
Fighting       | |  1.7
Throwing       | |  0.8
Armour         | |  0.7
Dodging        | |  1.5
Spellcasting   | |  2.1
Translocations | |  3.0

Action                     || total
---------------------------++-------
  Melee: Falchion          ||    91
         Bite              ||    16
         Punch             ||     1
   Stab: Sleeping          ||     6
 Armour: Leather armour    ||    39
  Dodge: Dodged            ||    66

Table legend: (Time is in decaauts)
 A = Elapsed time spent in this place.
 B = Non-inter-level travel time spent in this place.
 C = Inter-level travel time spent in this place.
 D = Time resting spent in this place.
 E = Time spent auto-exploring this place.
 F = Levels seen in this place.
 G = Mean time per level.
                   A        B        C        D        E       F      G
               +--------+--------+--------+--------+--------+-----+--------+
         Total |    976 |    964 |     12 |      0 |    711 |   2 |  488.0 |
       Dungeon |    976 |    964 |     12 |      0 |    711 |   2 |  488.0 |
               +--------+--------+--------+--------+--------+-----+--------+

Top non-repeatable levels by time:
     D:1: 918 daAuts
     D:2: 57 daAuts
